 Dungeon Crawl Stone Soup version 0.24.0-123-gd5b16e6ec5 (webtiles) character file.

Game seed: 13988385826866680233, levelgen mode: deterministic

22 Legadrian the Insei (level 3, -1/27 HPs)
             Began as a Human Transmuter on Feb 9, 2020.
             Slain by a hobgoblin
             ... wielding a +1 spear of piercing
              (8 damage)
             ... on level 1 of the Dungeon.
             The game lasted 00:07:47 (1034 turns).

Legadrian the Insei (Human Transmuter)              Turns: 1034, Time: 00:07:49

Health: -1/27      AC:  2    Str: 10    XL:     3   Next: 7%
Magic:  5/6        EV: 12    Int: 14    God:
Gold:   35         SH:  0    Dex: 13    Spells: 6/7 levels left

rFire    . . .     SeeInvis .     - Unarmed
rCold    . . .     Gourm    .   (no shield)
rNeg     . . .     Faith    .   b - +0 robe
rPois    .         Spirit   .   (no helmet)
rElec    .         Reflect  .   (no cloak)
rCorr    .         Harm     .   (no gloves)
MR       .....                  (boots currently unavailable)
Stlth    +.........             (no amulet)
HPRegen  0.09/turn              (no ring)
MPRegen  0.10/turn              (no ring)

@: appendage
A: talons 3
a: End Transformation


You were on level 1 of the Dungeon.
You were hungry.
You had grown temporary talons.
You visited 1 branch of the dungeon, and saw 1 of its levels.

You collected 35 gold pieces.

Inventory:

Hand Weapons
 f - a +0 hand axe
Missiles
 a - 12 arrows
Armour
 b - a +0 robe (worn)
Comestibles
 c - 2 chunks of flesh
 d - 2 rations


   Skills:
 * Level 1.9 Fighting
 - Level 2.0 Dodging
 - Level 3.0 Unarmed Combat
 * Level 2.5 Spellcasting
 + Level 2.1 Transmutations


You had 6 spell levels left.
You knew the following spells:

 Your Spells              Type           Power        Failure   Level  Hunger
a - Beastly Appendage     Tmut           #.....       10%         1    #......

Your spell library contained the following spells:

 Spells                   Type           Power        Failure   Level  Hunger
 Sticks to Snakes         Tmut           #.......     14%         2    ###....
 Spider Form              Tmut/Pois      #.........   41%         3    ###....
 Ice Form                 Ice/Tmut       #.......     82%         4    #####..
 Blade Hands              Tmut           #.........   95%         5    ######.


Dungeon Overview and Level Annotations

Branches:
Dungeon (1/15)

Altars:


Innate Abilities, Weirdness & Mutations

You have claws for feet.


Message History

The kobold throws a stone.
The stone barely misses you.
You see here a stone.
You hit the hobgoblin.
The hobgoblin is heavily wounded.
The hobgoblin hits you but does no damage.
The hobgoblin hits you from afar with a +1 spear of piercing.
You hit the hobgoblin.
The hobgoblin is severely wounded.
The hobgoblin misses you. The hobgoblin hits you. The kobold barely misses you.
Your horns disappear.
You see here a frilled lizard skeleton.
Casting: Beastly Appendage (safe; 10% risk of failure)
Confirm with . or Enter, or press ? or * to list all spells.
Your feet morph into talons.
You are feeling hungry.
The kobold hits you with a +0 dagger.
* * * LOW HITPOINT WARNING * * *
The hobgoblin hits you from afar with a +1 spear of piercing!
You die...

## #....................
.############.#.....K...((.......
............#.#..#########..#....
.....######......####### #.......
........................ .......#
................K....... .....K..
.....#.........g.g.......>.......
..........######K##########......
###....##.######@######### ....#.
#.........##.............#
..(#...##.##.............#
.....###..##..#######+#..#
.#.#......##..#.......#).#
.....###......#.......#..# .#####
#..##..#.......#).# ##
#..##..#.......'..#
#..##..'...<...#..#


You could see 2 hobgoblins and 2 kobolds.

Vanquished Creatures
  2 leopard geckos (D:1)
  3 bats (D:1)
  2 giant cockroaches (D:1)
  2 goblins (D:1)
  A hobgoblin (D:1)
  2 jackals (D:1)
  2 kobolds (D:1)
  A frilled lizard (D:1)
  2 rats (D:1)
17 creatures vanquished.

Notes
Turn   | Place    | Note
-------+----------+-------------------------------------------
     0 | D:1      | Legadrian the Human Transmuter began the quest for the Orb.
     0 | D:1      | Reached XP level 1. HP: 15/15 MP: 3/3
   211 | D:1      | Reached XP level 2. HP: 16/21 MP: 5/5
   611 | D:1      | Reached XP level 3. HP: 3/27 MP: 4/6
  1034 | D:1      | Slain by a hobgoblin

Levels and vault maps discovered:
D:1:      lemuel_arrival_room, layout_rooms

Action                   || total
-------------------------++-------
Melee: Unarmed           ||    61
       Headbutt          ||     4
       Punch             ||     1
 Cast: Beastly Appendage ||     6
  Use: Scroll            ||     1
Armor: Robe              ||    13
Dodge: Dodged            ||    47
